 Dungeon Crawl Stone Soup version 0.9.0-27-g8a39726 character file.

212 Valor the Firebug (level 4, -5/33 HPs)
             Began as a Demigod Fire Elementalist on Oct 30, 2011.
             Killed by an exploding inner flame (38 damage)
             ... on Level 3 of the Dungeon.
             The game lasted 00:20:33 (4492 turns).

Valor the Firebug (Demigod Fire Elementalist)       Turns: 4492, Time: 00:20:33

HP  -5/33        AC  2     Str 12      XL: 4   Next: 61%
MP   6/12        EV 13     Int 20      God:
Gold 87          SH  0     Dex 17      Spells:  3 memorised,  1 level left

Res.Fire  : . . .   See Invis. : .   f - +0,+2 dagger (drain)
Res.Cold  : . . .   Warding    : . . a - +0 robe
Life Prot.: . . .   Conserve   : .   (no shield)
Res.Acid. : . . .   Res.Corr.  : .   (no helmet)
Res.Poison: .       Clarity    : .   (no cloak)
Res.Elec. : .       Spirit.Shd : .   (no gloves)
Sust.Abil.: . .     Stasis     : .   (no boots)
Res.Mut.  : .       Ctrl.Telep.: .   (no amulet)
Res.Rott. : .       Levitation : .   (no ring)
Saprovore : . . .   Ctrl.Flight: .   D - ring of invisibility

@: slightly resistant to hostile enchantments, fairly stealthy
A: no striking features
a: Evoke Invisibility


You were on level 3 of the Dungeon.
You were not hungry.

You visited 1 branch of the dungeon, and saw 3 of its levels.

You collected 67 gold pieces.

Inventory:

Hand weapons
 d - a -1,+1 orcish dagger (quivered)
 e - a -1,+1 orcish mace
 f - a +0,+2 dagger of draining (weapon)
 v - a +0,+1 dwarven war axe
Armour
 a - a +0 robe (worn)
Comestibles
 c - a bread ration
 h - a honeycomb
 i - 6 strawberries
 m - a chunk of rat flesh
 t - a rotting chunk of bat flesh
 u - a banana
Scrolls
 g - 4 scrolls of identify {unknown}
 j - 2 scrolls of enchant weapon II {unknown}
 k - 2 scrolls of remove curse {unknown}
 q - a scroll of blinking {unknown}
 s - a scroll of amnesia {unknown}
 w - a scroll of fear {unknown}
 x - a scroll of random uselessness {unknown}
 y - a scroll of enchant weapon I {unknown}
 B - a scroll of detect curse {unknown}
Jewellery
 D - a ring of invisibility (left hand)
Potions
 l - a potion of resistance {unknown}
 n - a potion of magic {unknown}
 o - a potion of mutation {unknown}
 p - 3 potions of healing
Books
 b - a book of Flames

   Spells                             Type                      Level
   *Flame Tongue                      Conjuration/Fire             1
   *Throw Flame                       Conjuration/Fire             2
   *Inner Flame                       Hexes/Fire                   3
   Sticky Flame                       Conjuration/Fire             4
   Bolt of Magma                      Conjuration/Fire/Earth       5
   Fireball                           Conjuration/Fire             6


   Skills:
 + Level 3 Dodging
 + Level 2 Stealth
 + Level 2 Spellcasting
 + Level 2 Conjurations
 + Level 4 Fire Magic


You had one spell level left.
You knew the following spells:

 Your Spells              Type           Power        Success   Level  Hunger
a - Flame Tongue          Fire/Conj      ###...       Excellent   1    Sultana
b - Throw Flame           Fire/Conj      ###....      Great       2    Choko
c - Inner Flame           Fire/Hex       ###......    Good        3    Choko

Dungeon Overview and Level Annotations

Branches:
Dungeon (3/27)


Message History

The hobgoblin closely misses you.
You see here 21 sling bullets.
Your magical contamination has completely faded away.
The hobgoblin hits you with a club.
Some of the chunks of flesh in your inventory have completely rotted away.
Casting: Inner Flame
Confirm with . or Enter, or press ? or * to list all spells.
Aiming: Throw Flame
Press: ? - help, Shift-Dir - straight line, f/p - hobgoblin
Aim: A hobgoblin, wielding a club (heavily wounded, inner flame)
You miscast Throw Flame.
Strange energies run through your body.
Casting: Throw Flame
Confirm with . or Enter, or press ? or * to list all spells.
Aiming: Throw Flame
Press: ? - help, Shift-Dir - straight line, f/p - hobgoblin
Aim: A hobgoblin, wielding a club (heavily wounded, inner flame)
The puff of flame hits the hobgoblin.
The hobgoblin explodes!
Ouch! That really hurt!
You die...

##.......#
#........#
###........######
.##..............
.##........######
.##........#
.##........#
.###.###...# ##
#.# #@..# # #.#
#...# #
#.###...###### #
#.............
########...#####.
#..........# #.
#..........# #.
#..####.##.# #.
#..#.......# #.


There were no monsters in sight!

Vanquished Creatures
  Terence (D:2)
  3 snakes
  A giant mite (D:3)
  2 giant geckos
  An orc (D:3)
  11 bats
  6 giant cockroaches
  9 goblins
  6 hobgoblins
  6 jackals (D:3)
  A small snake (D:1)
  4 giant newts (D:1)
  7 kobolds
  3 quokkas
  13 rats
74 creatures vanquished.

Notes
Turn   | Place    | Note
--------------------------------------------------------------
     0 | D:1      | Valor, the Demigod Fire Elementalist, began the quest for the Orb.
     0 | D:1      | Reached XP level 1. HP: 14/14 MP: 5/5
    28 | D:1      | Found an iron altar of Okawaru.
   333 | D:1      | Reached skill level 1 in Conjurations
   448 | D:1      | Reached XP level 2. HP: 18/20 MP: 3/6
   788 | D:1      | HP: 1/20 [kobold/dagger (2)]
  1032 | D:1      | Learned a level 2 spell: Throw Flame
  1171 | D:1      | Reached XP level 3. HP: 26/26 MP: 5/9
  2003 | D:2      | Noticed Terence
  2112 | D:2      | Defeated Terence
  2112 | D:2      | Reached skill level 4 in Fire Magic
  2112 | D:2      | Reached XP level 4. HP: 25/33 MP: 2/12
  4378 | D:3      | Learned a level 3 spell: Inner Flame
  4492 | D:3      | Killed by an exploding inner flame
